 Dungeon Crawl Stone Soup version 0.30-a0-1074-g5db6f66fbb (webtiles) character file.

Game seed: 6492798844047404404

376 jimonade the Insei (level 6, -5/38 HPs)
             Began as an Octopode Transmuter on Apr 13, 2023.
             Slain by a killer bee (7 damage)
             ... on level 4 of the Dungeon.
             The game lasted 00:06:22 (4045 turns).

jimonade the Insei (Octopode Transmuter)            Turns: 4045, Time: 00:06:23

Health: -5/38      AC:  1    Str: 11    XL:     6   Next: 73%
Magic:  10/10      EV: 13    Int: 15    God:
Gold:   206        SH:  0    Dex: 13    Spells: 10/11 levels left

rFire   + . .      SeeInvis .      - Unarmed
rCold   + + .      Faith    .    (no shield)
rNeg    . . .      Spirit   .    t - melded +0 hat
rPois   +          Reflect  .    (no amulet)
rElec   +          Rampage  .    s - ring of protection from cold
rCorr   +                        (no ring)
Will    .....                    (no ring)
Stlth   +++                      (no ring)
HPRegen 0.26/turn                (no ring)
MPRegen 0.12/turn                (no ring)
                                 (no ring)
                                 (no ring)

@: lethally poisoned (-5 -> -8), appendages, resistant
A: tentacle spike 3, almost no armour, amphibious, 8 rings, camouflage 1,
gelatinous body 1, (nimble swimmer 1), tentacles
a: End Transformation


You were on level 4 of the Dungeon.
One of your tentacles had grown a beastly spike.
You visited 2 branches of the dungeon, and saw 5 of its levels.

You collected 206 gold pieces.

Inventory:

Hand Weapons
 k - the +1 mace of the Firefly {antimagic, rF+ rN+ Str-5}
   (You found it on level 2 of the Dungeon)

   Str:       It affects your strength (-5).
   rF:        It protects you from fire.
   rN:        It protects you from negative energy.
 x - a +1 heavy morningstar
Missiles
 d - 49 stones
 r - 2 boomerangs
Armour
 t - a +0 hat (melded)
Jewellery
 s - a ring of protection from cold (left tentacle)
Scrolls
 e - 2 scrolls of identify {unknown}
 h - a scroll of poison {unknown}
 i - a scroll of teleportation {unknown}
 j - a scroll of noise {unknown}
 m - a scroll of fear {unknown}
 q - 2 scrolls of blinking {unknown}
 v - a scroll of amnesia {unknown}
 y - a scroll of fog {unknown}
 z - a scroll of vulnerability {unknown}
Potions
 a - 2 potions of lignification
 b - a potion of cancellation {unknown}
 c - a potion of curing {unknown}
 f - a potion of resistance
 g - a potion of flight {unknown}
 l - 2 potions of mutation {unknown}
 n - 2 potions of haste {unknown}
 o - 2 potions of heal wounds {unknown}
 p - 2 potions of attraction {unknown}
 u - a potion of degeneration {unknown}
 w - a potion of might {unknown}


   Skills:
 + Level 1.3 Fighting
 + Level 2.6 Dodging
 - Level 1.3 Stealth
 + Level 4.6 Unarmed Combat
 + Level 3.3 Spellcasting
 * Level 4.4 Transmutations


You had 10 spell levels left.
You knew the following spells:

 Your Spells              Type           Power      Damage    Failure   Level
a - Beastly Appendage     Tmut           30%        N/A       3%          1

Your spell library contained the following spells:

 Spells                   Type           Power      Damage    Failure   Level
 Wereblood                Tmut           15%        N/A       4%          2
 Spider Form              Tmut/Pois      9%         N/A       24%         3
 Ice Form                 Ice/Tmut       9%         N/A       61%         4


Dungeon Overview and Level Annotations

Branches:
Dungeon (4/15)             Temple (1/1) D:4

Altars:
Ashenzari
Dithmenos
Elyvilon
Fedhas
Gozag
Hepliaklqana
Kikubaaqudgha
Makhleb
Nemelex Xobeh
Okawaru
Ru
Sif Muna
Trog
Uskayaw
Vehumet
Wu Jian
Yredelemnul
Zin
The Shining One

Shops:
D:1 (


Innate Abilities, Weirdness & Mutations

One of your tentacles has grown a beastly spike.
You cannot wear most types of armour.
You are amphibious.
You can wear up to eight rings at the same time.
Your skin changes colour to match your surroundings (Stealth+).
Your rubbery body absorbs attacks. (AC +1, EV +1)
((You are camouflaged when in or above water. (Stealth+)))
You have tentacles for arms and can constrict up to eight enemies at once.


Message History

A killer bee comes into view.
You bludgeon the killer bee! Your grab misses the killer bee.
The killer bee is heavily wounded.
The killer bee stings you! The killer bee misses you.
You barely miss the killer bee.
The killer bee buzzes angrily.
Your grab misses the killer bee.
Your tentacle spike misses the killer bee.
The killer bee is heavily wounded.
The killer bee stings you.
You are poisoned.
The killer bee poisons you!
You miss the killer bee. Your grab misses the killer bee.
Your squeeze misses the killer bee.
The killer bee is heavily wounded.
You feel very sick. The killer bee stings you. The killer bee stings you!
You miss the killer bee. You grab the killer bee.
You pierce the killer bee.
The killer bee is severely wounded.
You constrict the killer bee.
You feel sick. The killer bee barely misses you. x2
You tentacle-slap the killer bee.
Your tentacle spike misses the killer bee.
The killer bee is almost dead.
You constrict the killer bee.
You kill the killer bee!
You feel sick. The killer bee stings you!
* * * LOW HITPOINT WARNING * * *
The killer bee buzzes angrily.
You tentacle-slap the killer bee. Your grab misses the killer bee.
Your tentacle spike misses the killer bee.
You squeeze the killer bee.
The killer bee is severely wounded.
* * * LOW HITPOINT WARNING * * *
You feel sick. The killer bee barely misses you.
The killer bee closely misses you.
It was a potion of resistance.
You feel protected.
* * * LOW HITPOINT WARNING * * *
You feel sick. The killer bee stings you!
You die...

#.# J..... ######
#.# ♣...y♣ #.#
♣....♣ #.# ♣.y..♣
#.#..♣♣♣♣y...♣♣♣♣.
#[#...............
#.#...............
#.########SJ######
#.......@yyJ#
#############


You could see 2 killer bees, 2 endoplasms and a ball python.

Vanquished Creatures
  A scorpion (D:4)
  A killer bee (D:4)
  3 sleepcaps (D:3)
  2 orc wizards (D:4)
  3 gnolls (D:3)
  3 adders
  An ufetubus (D:4)
  2 worms (D:2)
  4 dart slugs
  6 orcs (D:4)
  7 endoplasms
  3 giant cockroaches
  A hobgoblin (D:1)
  5 jackals
  6 kobolds
  A quokka (D:4)
  8 ball pythons
  2 bats (D:1)
  3 frilled lizards
  4 goblins
  6 rats
  A butterfly (D:4)
73 creatures vanquished.

Notes
Turn   | Place    | Note
-------+----------+-------------------------------------------
     0 | D:1      | jimonade the Octopode Transmuter began the quest for the
                  | Orb.
     0 | D:1      | Reached XP level 1. HP: 13/13 MP: 3/3
   145 | D:1      | Reached XP level 2. HP: 16/18 MP: 3/5
   512 | D:1      | Found Qajoruw's Antique Weapon Emporium.
  1091 | D:2      | Identified the +1 mace of the Firefly {antimagic, rF+ rN+
                  | Str-5}
  1134 | D:2      | Reached XP level 3. HP: 18/23 MP: 4/6
  1155 | D:2      | Found a hide-covered altar of Uskayaw.
  1923 | D:3      | Reached XP level 4. HP: 11/28 MP: 5/8
  1933 | D:3      | HP: 1/28 [giant cockroach (1)]
  1944 | D:3      | HP: 1/28 [sleepcap (3)]
  1946 | D:3      | Reached XP level 5. HP: 1/33 MP: 7/9
  2157 | D:3      | Reached skill level 1 in Stealth
  3178 | D:4      | Reached XP level 6. HP: 18/38 MP: 8/10
  3263 | D:4      | Found a staircase to the Ecumenical Temple.
  3273 | Temple   | Entered the Ecumenical Temple
  3958 | D:4      | Found a radiant altar of Vehumet.
  4045 | D:4      | Slain by a killer bee

Illustrated notes

Levels and vault maps discovered:
D:1:      dpeg_arrival_court, layout_loops_corners, serial_shops, shop
D:2:      layout_basic, basic_altar
D:3:      layout_basic, serial_curves, eino_curves_04, eino_curves_02,
          hellmonk_no_cap
D:4:      layout_basic, nicolae_vehumet_radiance,
          minmay_temple_entry_butterflies, kennysheep_dice
Temple:   mainiacjoe_temple_bowtie_tessellation

Skill      XL: |  1  2  3  4  5 |
---------------+----------------+-----
Transmutations | 3 4 |  4.4
Stealth        | 1 |  1.3
Unarmed Combat | 4 |  4.6
Spellcasting   | 3 |  3.3
Fighting       | |  1.3
Dodging        | |  2.6

Action                     |  1- 3 |  4- 6 || total
---------------------------+-------+-------++-------
  Melee: Unarmed           |    80 |    77 ||   157
         Constrict         |    19 |    23 ||    42
         Tentacles         |    18 |    16 ||    34
         Kick              |    20 |    28 ||    48
         Punch             |     2 |     4 ||     6
   Cast: Beastly Appendage |    23 |    21 ||    44
    Use: Potion            |       |     1 ||     1
   Stab: Sleeping          |     1 |     4 ||     5
 Armour: Skin              |     7 |     2 ||     9
  Dodge: Dodged            |    41 |    35 ||    76

Table legend: (Time is in decaauts)
 A = Elapsed time spent in this place.
 B = Non-inter-level travel time spent in this place.
 C = Inter-level travel time spent in this place.
 D = Time resting spent in this place.
 E = Time spent auto-exploring this place.
 F = Levels seen in this place.
 G = Mean time per level.
                   A        B        C        D        E       F      G
               +--------+--------+--------+--------+--------+-----+--------+
         Total |   4033 |   3883 |    150 |    334 |   2654 |   5 |  806.6 |
       Dungeon |   3787 |   3667 |    120 |    334 |   2451 |   4 |  946.8 |
        Temple |    245 |    215 |     30 |      0 |    203 |   1 |  245.0 |
               +--------+--------+--------+--------+--------+-----+--------+

Top non-repeatable levels by time:
     D:3: 1169 daAuts
     D:1: 1047 daAuts
     D:4: 840 daAuts
     D:2: 731 daAuts
  Temple: 245 daAuts
